Map: Disco Bloodbath LE

Players

BratOK (Brat_OK) - Winner!

  • Race: Terran Terran
  • League: Master
  • Spawn Location: 3:00

SHODAN

  • Race: Terran Terran
  • League: Master
  • Spawn Location: 9:00

Event: NationWars 2019

VOD

Have the link to the VOD?

Description

Time

  • Played on: Oct. 1, 2019, 12:50 p.m.
  • Length: 10:26
Show
View Real Time Build Order
Export as new Build Order

BratOK Terran - Winner!

Build Orders: Gas First Reaper Expand, Liberator Opening 

Get SALT Encoding   

  12  0:00  SCV  
  13  0:12  SCV  
  14  0:17  Supply Depot  
  14  0:24  SCV  
  15  0:29  Refinery  
  15  0:39  SCV  
  16  0:47  Barracks  
  16  0:51  SCV  
  17  1:03  SCV  
  18  1:15  SCV  
  19  1:34  Orbital Command, Reaper  
  20  1:42  Command Center  
  20  1:57  Factory  
  20  1:59  SCV  
  21  2:04  Refinery  
  21  2:08  Barracks Reactor  
  20  2:17  SCV, Supply Depot  
  21  2:29  SCV  
  22  2:43  SCV, Starport  
  23  2:49  Hellion x2  
  27  2:54  Orbital Command  
  27  2:58  SCV  
  27  3:03  Liberator  
  28  3:10  Hellion x2  
  32  3:21  SCV  
  32  3:24  SCV  
  37  3:33  Supply Depot  
  37  3:37  Hellion x2  
  37  3:39  SCV  
  37  3:41  SCV  
  43  3:42  Barracks Tech Lab  
  43  3:51  SCV  
  43  3:53  SCV  
  45  3:57  Supply Depot  
  45  4:03  Viking  
  45  4:08  Cyclone  
  45  4:09  SCV x2  
  52  4:19  Supply Depot  
  52  4:21  SCV x2  
  54  4:33  SCV  
  54  4:36  SCV  
  55  4:40  Siege Tank  
  58  4:51  SCV x2  
  58  4:52  Command Center  
  53  5:03  SCV  
  53  5:05  Viking x2  
  58  5:11  SCV  
  47  5:21  SCV  
  47  5:23  SCV  
  49  5:31  Refinery  
  49  5:32  Refinery  
  49  5:33  SCV  
  49  5:34  Siege Tank  
  49  5:35  SCV  
  54  5:45  SCV  
  54  5:47  SCV  
  56  5:56  Supply Depot x2  
  56  5:57  SCV  
  56  5:59  SCV  
  56  6:00  Barracks Reactor  
  58  6:04  Factory  
  58  6:10  SCV  
  60  6:11  Orbital Command  
  60  6:18  Siege Tank, Viking  
  60  6:20  SCV  
  60  6:22  SCV  
  60  6:23  Engineering Bay  
  64  6:26  Viking  
  64  6:32  SCV  
  67  6:34  SCV  
  68  6:42  Supply Depot  
  68  6:44  SCV, Supply Depot  
  68  6:45  SCV  
  68  6:46  SCV  
  71  6:50  Siege Tank  
  71  6:53  Liberator  
  74  6:56  Missile Turret, SCV  
  74  6:57  Missile Turret  
  74  6:58  SCV x2  
  74  6:59  Missile Turret, Liberator  
  81  7:01  Hellion x2  
  81  7:08  SCV  
  82  7:10  SCV x2  
  87  7:20  SCV  
  87  7:22  SCV x2, Supply Depot  
  93  7:24  Missile Turret  
  93  7:32  SCV  
  93  7:33  Siege Tank, Hellion x2  
  93  7:34  SCV x2  
  103  7:41  Missile Turret  
  103  7:43  Supply Depot  
  103  7:44  SCV  
  103  7:45  Supply Depot  
  103  7:46  SCV  
  103  7:47  Missile Turret  
  105  7:53  Viking  
  107  7:59  Viking  
  107  8:03  SCV x2  
  107  8:04  Refinery x2  
  111  8:07  Armory  
  111  8:08  Armory, Supply Depot, Missile Turret  
  111  8:09  SCV  
  111  8:10  Siege Tank  
  111  8:11  Hellion x2  
  119  8:22  Barracks Tech Lab  
  119  8:23  Command Center  
  119  8:25  Factory  
  119  8:32  Viking  
  125  8:34  Hellion x2  
  125  8:37  Missile Turret  
  125  8:40  Supply Depot  
  125  8:41  Missile Turret  
  125  8:42  SCV x2  
  125  8:43  Siege Tank  
  130  8:55  Hellion x2  
  128  9:12  Viking x2  
  132  9:24  Siege Tank x2  
  135  9:25  SCV, Hellion x2  
  135  9:26  SCV x2  
  142  9:42  Viking x2  
Show
View Real Time Build Order
Export as new Build Order

SHODAN Terran 

Build Orders:  

Get SALT Encoding   

  12  0:00  SCV  
  13  0:12  SCV  
  14  0:17  Supply Depot  
  14  0:25  SCV  
  15  0:38  Barracks, SCV  
  16  0:43  Refinery  
  16  0:50  Refinery  
  16  0:52  SCV  
  17  1:04  SCV  
  18  1:17  SCV  
  19  1:26  Reaper  
  19  1:29  Orbital Command  
  20  1:39  Factory  
  20  1:55  SCV, Supply Depot  
  20  1:58  Reaper  
  22  2:07  SCV  
  23  2:20  SCV  
  24  2:28  Command Center  
  24  2:34  Hellion  
  25  2:39  SCV  
  25  2:42  Barracks Tech Lab  
  25  2:43  Supply Depot  
  26  2:51  SCV  
  27  3:04  SCV  
  27  3:05  Barracks Reactor, Starport  
  28  3:16  Siege Tank  
  28  3:17  SCV  
  31  3:29  SCV  
  32  3:35  Refinery  
  32  3:39  Orbital Command  
  32  3:41  SCV, Medivac  
  33  3:42  Marine x2  
  37  3:53  SCV, Siege Tank  
  41  4:00  Marine x2  
  43  4:05  SCV  
  43  4:06  SCV  
  45  4:12  Medivac  
  47  4:17  SCV  
  47  4:19  SCV  
  47  4:20  Marine x2  
  51  4:24  Supply Depot  
  51  4:25  Supply Depot  
  51  4:29  SCV  
  49  4:42  Viking  
  47  4:50  SCV  
  47  4:52  Marine x2  
  22  5:19  SCV  
  22  5:20  SCV  
  25  5:32  SCV x2  
  27  5:44  SCV x2  
  26  5:51  Command Center  
  26  5:56  SCV x2  
  28  6:08  SCV  
  28  6:10  SCV  
  30  6:20  SCV  
  30  6:22  SCV  
  32  6:26  Viking x2  
  32  6:32  SCV  
  37  6:34  SCV  
  38  6:40  Barracks Tech Lab  
  38  6:44  SCV  
  38  6:46  SCV  
  39  6:56  SCV  
  39  6:57  Viking  
  39  6:58  SCV  
  43  7:05  Orbital Command  
  43  7:08  SCV, Marine  
  43  7:09  Stimpack  
  43  7:11  SCV  
  46  7:20  SCV  
  47  7:23  SCV  
  47  7:25  Barracks  
  47  7:26  Siege Tank, Marine  
  52  7:31  SCV  
  52  7:33  SCV  
  52  7:35  SCV  
  55  7:43  SCV  
  56  7:45  SCV  
  56  7:47  SCV  
  56  7:49  Barracks, Viking  
  60  7:55  SCV, Viking  
  60  7:57  SCV  
  64  7:59  SCV  
  64  8:02  Supply Depot  
  64  8:03  Supply Depot  
  65  8:07  SCV  
  65  8:09  SCV  
  65  8:10  Marine  
  65  8:11  SCV  
  69  8:21  Refinery  
  69  8:22  Supply Depot  
  69  8:23  Engineering Bay, Siege Tank  
  69  8:24  SCV  
  69  8:26  Engineering Bay  
  73  8:33  SCV  
  74  8:37  SCV  
  74  8:40  Marine  
  76  8:42  Barracks Reactor  
  76  8:44  Starport Reactor  
  76  8:45  Marine  
  76  8:47  SCV  
  78  8:52  Supply Depot x2  
  78  8:53  Supply Depot  
  78  8:54  SCV  
  53  9:20  SCV  
  53  9:23  Marine  
Tags
 
Add a new tag
Caveats
  • Supply blocks, unpowered buildings, or Contaminate may cause inaccurate times.
  • Supply counts are checked every 10 seconds.